 Dungeon Crawl Stone Soup version 0.31-a0-981-geadf994542 (webtiles) character file.

Game seed: 7071108578699215256

35 horus123 the Magician (level 3, -1/19 HPs)
             Began as a Deep Elf Hedge Wizard on Nov 2, 2023.
             Killed from afar by Sigmund (8 damage)
             ... with a puff of flame
             ... on level 2 of the Dungeon.
             The game lasted 00:02:09 (1806 turns).

horus123 the Magician (Deep Elf Hedge Wizard)       Turns: 1806, Time: 00:02:10

Health: -1/19      AC:  2    Str:  7    XL:     3   Next: 17%
Magic:  11/11      EV: 12    Int: 20    God:
Gold:   153        SH:  0    Dex: 14    Spells: 9/12 levels left

rFire   . . .        a - +0 dagger
rCold   . . .        (no shield)
rNeg    . . .        b - +0 robe
rPois   .            c - +0 hat
rElec   .            (no cloak)
rCorr   .            (no gloves)
SInv    .            (no boots)
Will    .....        (no amulet)
Stlth   ++           (no ring)
HPRegen 0.23/turn    (no ring)
MPRegen 0.12/turn

%: no passive effects
@: no status effects
A: no striking features
a: no special abilities


You were on level 2 of the Dungeon.
You visited 1 branch of the dungeon, and saw 2 of its levels.

You collected 153 gold pieces.

Inventory:

Hand Weapons
 a - a +0 dagger (weapon)
Armour
 b - a +0 robe (worn)
 c - a +0 hat (worn)
Jewellery
 g - a ring of ice
Scrolls
 f - a scroll of blinking {unknown}
 h - a scroll of fog {unknown}
 k - a scroll of enchant weapon {unknown}
 l - a scroll of poison {unknown}
Potions
 d - a potion of magic
 e - a potion of might {unknown}
 i - a potion of ambrosia {unknown}
 j - a potion of berserk rage {unknown}
 m - 2 potions of degeneration {unknown}
 n - a potion of enlightenment {unknown}
 o - a potion of lignification {unknown}


   Skills:
 - Level 2.4 Dodging
 - Level 2.4 Stealth
 - Level 5.0 Spellcasting
 + Level 3.0 Conjurations
 - Level 1.1 Summonings
 - Level 1.1 Translocations


You had 9 spell levels left.
You knew the following spells:

 Your Spells              Type           Power      Damage    Failure   Level
a - Magic Dart            Conj           68%        1d6       3%          1
b - Blink                 Tloc           18%        N/A       11%         2

Your spell library contained the following spells:

 Spells                   Type           Power      Damage    Failure   Level
 Apportation              Tloc           18%        N/A       8%          1
 Summon Small Mammal      Summ           36%        N/A       8%          1
 Call Imp                 Summ           18%        N/A       11%         2
 Necrotise                Necr           20%        1d5       12%         1
 Slow                     Hex            20%        N/A       12%         1
 Cigotuvi's Dreadful Rot  Necr/Pois/Air  10%        N/A       17%         2
 Mephitic Cloud           Conj/Pois/Air  9%         N/A       22%         3


Dungeon Overview and Level Annotations

Branches:
Dungeon (2/15)

Altars:

Annotations:
D:2 Sigmund


Message History

You have reached level 3!
Your experience leads to an increase in your attributes!
Increase (S)trength, (I)ntelligence, or (D)exterity?
You feel clever. x2
Found a whip.
Found a club.
m - 2 fuming silvery potions
n - a viscous clear potion
o - a lumpy cyan potion
Found a ring mail.
You see here a +0 ring mail.
Found a stone staircase leading down.
There is a stone staircase leading down here.
As you open the door, it creaks loudly!
There is an open door here.
You open the door.
There is an open door here.
Sigmund the Dreaded comes into view.
He is wielding a +0 scythe and carrying a wand of flame.
Sigmund shouts!
The magic dart hits Sigmund.
Sigmund is lightly wounded.
Sigmund casts a spell at you.
You are confused.
There is an open door here.
You bump into the rock wall.
Sigmund zaps a wand.
The puff of flame misses you.
You feel less confused.
There is an open door here.
Sigmund casts a spell.
Sigmund flickers and vanishes!
Deactivating autopickup; reactivate with Ctrl-A.
You close the door.
Something unseen breaks down the door.
You hear a zap.
A puff of flame appears from out of thin air!
The puff of flame hits you!
Ouch! That really hurt!
You hear a zap.
A puff of flame appears from out of thin air!
The puff of flame hits you!
You die...

###.#..........##.#
#...[.....#.##.#..########
#.#.....#.#.##............
#.###.###.#........####### #.#
#.# #.####.....# #.# #.# #.#
###.### #.###.###.# #.#
#.........# #.# #####.#####
##@## #.# ##...## #.##
##.....## # # #..## #.......##
.#...
#####...####.........####...##
...........+.........'{..{...#
#####...####.........####...##
#..## ##.......## .## #.##
##.....## #


There were no monsters in sight!

Vanquished Creatures
  An adder (D:2)
  A dart slug (D:1)
  2 ball pythons (D:1)
  3 endoplasms
  A giant cockroach (D:2)
  3 hobgoblins
  3 jackals (D:2)
  A quokka (D:1)
  2 bats (D:1)
  3 goblins
  2 rats
22 creatures vanquished.

Notes
Turn   | Place    | Note
-------+----------+-------------------------------------------
     0 | D:1      | horus123 the Deep Elf Hedge Wizard began the quest for the
                  | Orb.
     0 | D:1      | Reached XP level 1. HP: 10/10 MP: 7/7
   216 | D:1      | Reached skill level 5 in Spellcasting
   551 | D:1      | Reached XP level 2. HP: 14/15 MP: 5/10
   593 | D:1      | Learned a level 2 spell: Blink
  1632 | D:2      | Reached XP level 3. HP: 19/19 MP: 5/11
  1793 | D:2      | Noticed Sigmund
  1806 | D:2      | Killed from afar by Sigmund

Illustrated notes

Levels and vault maps discovered:
D:1:      lightli_arrival_noodles, layout_basic, minmay_misc_feat_alley,
          minmay_misc_feat_rugged, grunt_decor_mini_mirrors
D:2:      layout_loops_corners, roderic_lattice_a, grunt_ministairs_1,
          minmay_distorted, uniq_robin, uniq_sigmund

Skill      XL: |  1  2 |
---------------+-------+-----
Spellcasting   | 5 |  5.0
Conjurations   | 3 |  3.0
Dodging        | |  2.4
Stealth        | |  2.4
Summonings     | |  1.1
Translocations | |  1.1

Action                     || total
---------------------------++-------
   Cast: Magic Dart        ||    60
 Armour: Robe              ||     6
  Dodge: Dodged            ||     7

Table legend: (Time is in decaauts)
 A = Elapsed time spent in this place.
 B = Non-inter-level travel time spent in this place.
 C = Inter-level travel time spent in this place.
 D = Time resting spent in this place.
 E = Time spent auto-exploring this place.
 F = Levels seen in this place.
 G = Mean time per level.
                   A        B        C        D        E       F      G
               +--------+--------+--------+--------+--------+-----+--------+
         Total |   1805 |   1794 |     11 |    124 |   1538 |   2 |  902.5 |
       Dungeon |   1805 |   1794 |     11 |    124 |   1538 |   2 |  902.5 |
               +--------+--------+--------+--------+--------+-----+--------+

Top non-repeatable levels by time:
     D:1: 1342 daAuts
     D:2: 463 daAuts
